 Dungeon Crawl Stone Soup version 0.13-a0-2527-g93fcdc4 (webtiles) character file.

214 JogiH the Firebug (level 4, -2/35 HPs)
             Began as a Djinni Fire Elementalist on July 25, 2013.
             Slain by Kae's ghost (4 damage)
             ... on Level 3 of the Dungeon.
             The game lasted 00:08:23 (6664 turns).

JogiH the Firebug (Djinni Fire Elementalist)        Turns: 6664, Time: 00:08:23

HP  -2/35        AC  4     Str  8      XL: 4   Next:  2%
MP   0/0         EV 12     Int 17      God:
Gold 145         SH  0     Dex 13      Spells:  3 memorised,  2 levels left

Res.Fire  : + + +   See Invis. : .   c - +4,+0 elf dagger (speed)
Res.Cold  : x . .   Warding    : .   a - +0 robe
Life Prot.: + + +   Conserve   : .   (no shield)
Res.Poison: .       Res.Corr.  : .   (no helmet)
Res.Elec. : .       Clarity    : .   s - +0 cloak
Sust.Abil.: . .     Spirit.Shd : .   j - +0 pair of gloves
Res.Mut.  : .       Stasis     : +   (boots unavailable)
Res.Rott. : .       Flight     : .   h - amulet of stasis {unknown}
Saprovore : . . .                    (no ring)
                                     u - ring of sustenance

@: very slightly contaminated, slightly resistant to hostile enchantments,
unstealthy
A: no striking features
a: no special abilities


You were on level 3 of the Dungeon.
You were not hungry.

You visited 1 branch of the dungeon, and saw 3 of its levels.

You collected 125 gold pieces.

Inventory:

Hand weapons
 c - a +4,+0 elven dagger of speed (weapon)
 g - a +0,+0 spear
 o - a +1,+2 sling of flame
Missiles
 k - 20 darts (quivered)
 q - 20 stones
Armour
 a - a +0 robe (worn)
 j - a +0 pair of gloves (worn)
 s - a +0 cloak (worn)
Scrolls
 e - a scroll of noise
 i - a scroll of recharging {unknown}
 l - a scroll of magic mapping {unknown}
 m - 3 scrolls of identify
 n - a scroll of remove curse
 p - a scroll of blinking {unknown}
 r - 2 scrolls of enchant armour {unknown}
 w - a scroll of random uselessness {unknown}
Jewellery
 h - an amulet of stasis (around neck) {unknown}
 u - a ring of sustenance (left hand)
 v - an uncursed ring of teleportation
Potions
 d - 3 potions of curing {unknown}
 f - a potion of flight {unknown}
 t - a potion of restore abilities {unknown}
Books
 b - a book of Flames

   Spells                             Type                      Level
   *Flame Tongue                      Conjuration/Fire             1
   *Throw Flame                       Conjuration/Fire             2
   *Conjure Flame                     Conjuration/Fire             3
   Inner Flame                        Hexes/Fire                   3
   Sticky Flame                       Conjuration/Fire             4
   Fireball                           Conjuration/Fire             5


   Skills:
 - Level 1.7 Dodging
 - Level 1.5 Stealth
 * Level 2.6 Spellcasting
 * Level 2.2 Conjurations
 + Level 5.2 Fire Magic


You had 2 spell levels left.
You knew the following spells:

 Your Spells              Type           Power        Failure   Level  Hunger
a - Flame Tongue          Conj/Fire      ##...        4%          1    #......
b - Throw Flame           Conj/Fire      ##....       10%         2    ##.....
c - Conjure Flame         Conj/Fire      ##......     14%         3    ###....


Dungeon Overview and Level Annotations

Branches:
Dungeon (3/27)

Altars:

Annotations
D:3 Kae's ghost, average TeFE


Message History

Aiming: Conjure Flame
Press: ? - help, Dir - move target cursor, p - Kae's ghost You miscast Conjure Flame.
You are very lightly contaminated with residual magic.
Your skin glows momentarily.
Casting: Conjure Flame
Confirm with . or Enter, or press ? or * to list all spells.
Aiming: Flame Tongue
Press: ? - help, Shift-Dir - straight line, f - Kae's ghost
Aim: Kae's ghost (severely damaged)
The flame hits Kae's ghost.
Kae's ghost is almost destroyed.
Kae's ghost barely misses you.
Casting: Flame Tongue
Confirm with . or Enter, or press ? or * to list all spells.
Aiming: Flame Tongue
Press: ? - help, Shift-Dir - straight line, f/p - Kae's ghost
Aim: Kae's ghost (almost destroyed)
You miscast Flame Tongue.
Sparks fly from your hands! Kae's ghost hits you.
You die...

.####.####...# .#
#..( .. .# ##### ##
.# .. .# .# .# ..#
.############ #.>
............## ##p#
########.....###@####
#.[..........#
#.....###....#
##...## ##...# #####
#...# ####


You could see Kae's ghost.

Vanquished Creatures
  An adder (D:2)
  2 worms (D:2)
  A giant gecko (D:1)
  4 orcs (D:2)
  6 bats
  8 goblins
  5 hobgoblins
  3 giant cockroaches
  A giant newt (D:1)
  5 kobolds
  A quokka (D:2)
  6 rats
43 creatures vanquished.

Notes
Turn   | Place    | Note
--------------------------------------------------------------
     0 | D:1      | JogiH, the Djinni Fire Elementalist, began the quest for the Orb.
     0 | D:1      | Reached XP level 1. HP: 14/14 MP: 0/0
   345 | D:1      | Reached XP level 2. EP: 18/21
   563 | D:1      | Learned a level 2 spell: Throw Flame
  1885 | D:2      | Reached XP level 3. EP: 14/27
  2000 | D:2      | Reached skill level 5 in Fire Magic
  6348 | D:1      | Noticed a centaur
  6368 | D:2      | Learned a level 3 spell: Conjure Flame
  6533 | D:3      | Reached XP level 4. EP: 25/35
  6649 | D:3      | Noticed Kae's ghost (average TeFE)
  6664 | D:3      | Slain by Kae's ghost

Action                   |  1- 3 |  4- 6 || total
-------------------------+-------+-------++-------
Melee: Dagger            |     7 |       ||     7
Throw: Dart              |    15 |       ||    15
 Cast: Flame Tongue      |    71 |    11 ||    82
       Throw Flame       |    14 |     1 ||    15
       Conjure Flame     |       |     1 ||     1
  Use: Scroll            |       |     3 ||     3
